 Dungeon Crawl Stone Soup version 0.28-a0-1212-gc6b4282bc0 (webtiles) character file.

Game seed: 4852265452156213017

113054 Fortus the Severer (level 17, -7/117 HPs)
             Began as a Formicid Fighter on Dec 21, 2021.
             Was an Elder of the Shining One.
             Mangled by a large slime creature (18 damage)
             ... on level 3 of the Pits of Slime.
             The game lasted 01:37:22 (33089 turns).

Fortus the Severer (Formicid Fighter)              Turns: 33089, Time: 01:37:23

Health: -7/117     AC: 18    Str: 24 (25) XL:     17   Next: 17%
Magic:  19/21      EV:  7    Int: 11 (12) God:    the Shining One [****..]
Gold:   37         SH: 36    Dex: 12      Spells: 16/16 levels left

rFire   + + .      SeeInvis +   R - +5 executioner's axe (vorpal)
rCold   + . .      Faith    .   P - +10 tower shield of Ignorance {rN+ Int-4}
rNeg    + + +      Spirit   .   s - +0 plate armour
rPois   .          Reflect  .   (helmet unavailable)
rElec   .          Harm     .   A - +1 cloak
rCorr   +          Rampage  .   (no gloves)
Will    ++++.                   (no boots)
Stlth   ..........              b - amulet of Aximu {rC+ Will++ Regen+}
HPRegen 0.00/turn               L - ring of Kulanad {rN++ rCorr}
MPRegen 0.17/turn               u - ring "Xaes" {rF++ Will+ Int+6}

@: divinely shielded, inhibited regen, glowing, unable to read
A: permanent stasis, dig shafts and tunnels, antennae 3, four strong arms,
deterioration 1, frail 1, shaggy fur 1, inhibited regeneration, no potion heal
2, subdued magic 2, inability to read while threatened, MP-powered wands,
devolution 1
a: Dig, Shaft Self, Renounce Religion, Divine Shield, Cleansing Flame


You were on level 3 of the Pits of Slime.
You worshipped the Shining One.
The Shining One was greatly pleased with you.
You visited 5 branches of the dungeon, and saw 27 of its levels.
You also visited: Gauntlet.

You collected 1452 gold pieces.
You spent 1415 gold pieces at shops.

Inventory:

Hand Weapons
 c - a +2 vorpal dire flail
 R - a +5 vorpal executioner's axe (weapon)
Missiles
 y - 2 throwing nets
 X - 10 silver javelins
Armour
 s - a +0 plate armour (worn)
 A - a +1 cloak (worn)
 P - the +10 tower shield of Ignorance (worn) {rN+ Int-4}
   (You acquired it on level 4 of the Lair of Beasts)

   Int:       It affects your intelligence (-4).
   rN:        It protects you from negative energy.
Jewellery
 b - the amulet of Aximu (around neck) {rC+ Will++ Regen+}
   (You found it on level 6 of the Lair of Beasts)

   [amulet of regeneration]

   rC:        It protects you from cold.
   Regen:     It increases your rate of health regeneration.
   Will:      It greatly increases your willpower.
 n - a +4 ring of evasion
 o - a +6 ring of dexterity
 p - an amulet of guardian spirit
 t - the ring "Hajaf" {rElec rF+ Str+4}
   (You bought it in a shop on level 12 of the Dungeon)

   [ring of protection from fire]

   Str:       It affects your strength (+4).
   rF:        It protects you from fire.
   rElec:     It insulates you from electricity.
 u - the ring "Xaes" (right hand) {rF++ Will+ Int+6}
   (You found it on level 4 of the Dungeon)

   [ring of intelligence]

   Int:       It affects your intelligence (+6).
   rF:        It greatly protects you from fire.
   Will:      It increases your willpower.
 v - an amulet of regeneration
 w - a ring of positive energy
 z - a ring of fire
 B - an amulet of the acrobat
 C - a +6 ring of intelligence
 D - a +4 ring of protection
 L - the ring of Kulanad (left hand) {rN++ rCorr}
   (You bought it in a shop on level 15 of the Dungeon)

   [ring of resist corrosion]

   rN:        It greatly protects you from negative energy.
   rCorr:     It protects you from acid and corrosion.
 M - a +4 ring of protection
 U - the amulet of Spontaneous Combustion {RegenMP Int+5}
   (You found it in a Gauntlet)

   [amulet of magic regeneration]

   It increases your rate of magic regeneration.
   Int:       It affects your intelligence (+5).
 V - a ring of protection from cold
 W - a +6 ring of dexterity
 Z - a ring of wizardry
Wands
 j - a wand of polymorph (8)
 k - a wand of iceblast (3)
 H - a wand of digging (8)
Scrolls
 a - 2 scrolls of summoning
 f - 4 scrolls of enchant armour
 E - 5 scrolls of fog
 F - a scroll of silence
 G - a scroll of amnesia
 I - a scroll of enchant weapon
 K - 5 scrolls of magic mapping
 Y - 4 scrolls of identify
Potions
 d - 2 potions of might
 e - a potion of magic
 g - 3 potions of heal wounds
 h - 3 potions of ambrosia
 i - 6 potions of invisibility
 l - 5 potions of lignification
 m - 3 potions of attraction
 q - 3 potions of flight
 r - a potion of cancellation
 J - a potion of resistance
 N - 9 potions of curing
 Q - a potion of haste
 S - a potion of brilliance


   Skills:
 - Level 11.0 Fighting
 + Level 17.6(19.5) Axes
 - Level 14.2(17.9) Maces & Flails
 - Level 11.6 Armour
 - Level 15.0 Shields
 - Level 5.9 Invocations
 - Level 2.3 Evocations


You had 16 spell levels left.
You didn't know any spells.
Your spell library contained the following spells:

 Spells                   Type           Power      Damage    Failure   Level
 Animate Skeleton         Necr           0%         N/A       96%         1
 Apportation              Tloc           0%         N/A       96%         1
 Beastly Appendage        Tmut           0%         N/A       96%         1
 Sting                    Tmut/Pois      0%         1d3       96%         1
 Summon Small Mammal      Summ           0%         N/A       96%         1
 Poisonous Vapours        Pois/Air       0%         N/A       99%         2
 Static Discharge         Conj/Air       0%         N/A       99%         2
 Sublimation of Blood     Necr           0%         N/A       99%         2
 Wereblood                Tmut           0%         N/A       99%         2
 Dazzling Flash           Conj/Hex       0%         N/A       100%        3
 Frozen Ramparts          Ice            0%         1d2       100%        3
 Gell's Gravitas          Tloc           0%         N/A       100%        3
 Lesser Beckoning         Tloc           0%         N/A       100%        3
 Portal Projectile        Hex/Tloc       0%         N/A       100%        3
 Spider Form              Tmut/Pois      0%         N/A       100%        3
 Teleport Other           Tloc           0%         N/A       100%        3
 Animate Dead             Necr           0%         N/A       100%        4
 Dispel Undead            Necr           0%         3d6       100%        4
 Fulminant Prism          Conj/Hex       0%         3d6       100%        4
 Ice Form                 Ice/Tmut       0%         N/A       100%        4
 Iskenderun's Mystic Bla  Conj/Tloc      0%         2d3       100%        4
 Olgreb's Toxic Radiance  Pois           0%         N/A       100%        4
 Sticky Flame             Conj/Fire      0%         2d3       100%        4
 Summon Ice Beast         Ice/Summ       0%         N/A       100%        4
 Agony                    Necr           0%         N/A       100%        5
 Blade Hands              Tmut           0%         N/A       100%        5
 Borgnjor's Vile Clutch   Necr/Erth      0%         N/A       100%        5
 Excruciating Wounds      Necr           0%         N/A       100%        5
 Lee's Rapid Deconstruct  Erth           0%         3d5*      100%        5
 Silence                  Hex/Air        0%         N/A       100%        5
 Death Channel            Necr           0%         N/A       100%        6
 Summon Hydra             Summ           0%         N/A       100%        7


Dungeon Overview and Level Annotations

Branches:
Dungeon (15/15)            Temple (1/1) D:5            Lair (6/6) D:10
 Shoals (0/4) Lair:3        Snake (1/4) Lair:2        Slime (4/5) Lair:5
    Orc (0/2) D:12         Vaults (0/5) D:14        Gauntlet (visited)
 Depths: D:15

Altars:
Ashenzari
Cheibriados
Dithmenos
Elyvilon
Fedhas
Gozag
Hepliaklqana
Kikubaaqudgha
Makhleb
Nemelex Xobeh
Okawaru
Qazlal
Ru
Sif Muna
Trog
Uskayaw
Vehumet
Wu Jian
Xom
Yredelemnul
Zin
The Shining One

Shops:
D:6 *   D:7 [   D:11 *   D:12 ===   D:14 *   D:15 =


Innate Abilities, Weirdness & Mutations

You cannot be hasted, slowed, berserked, paralysed or teleported.
You can dig through walls and to a lower floor.
You have a pair of large antennae on your head. (SInv)
Your four strong arms can wield two-handed weapons with a shield.
Your body sometimes deteriorates upon taking damage.
You are frail. (-10% HP)
You are covered in fur. (AC +1)
You do not regenerate when monsters are visible.
Potions cannot restore your health.
Your spells are easier to cast, but less powerful.
You sometimes lose the ability to read scrolls when taking damage.
You expend magic power (3 MP) to strengthen your wands.
You have hidden genetic defects.


Message History

You climb downwards.
You block the slime creature's attack. x2
The slime creature hits you but does no damage.
A very large slime creature splits.
The slime creature barely misses you. The slime creature hits you.
The slime creature hits you!
The slime creature hits you but does no damage.
You block the slime creature's attack.
Two slime creatures merge to form a large slime creature.
The large slime creature hits you. The slime creature hits you.
The slime creature hits you!
You feel threatened and lose the ability to read scrolls!
There is a stone staircase leading up, spattered with blood here.
You block the slime creature's attack. x2
Two slime creatures merge to form a large slime creature.
You block the slime creature's attack. The large slime creature hits you.
You block the slime creature's attack. x2
Two slime creatures merge to form a very large slime creature.
You climb upwards.
There is a stone staircase leading down here.
You slice the slime creature like a ripe choko!!!
The slime creature is severely wounded.
You slice the slime creature!! You hit the large slime creature.
You slice the very large slime creature!!
You slice the slime creature!! x2; You slash the large slime creature!
You slice the slime creature!! You block the slime creature's attack.
The slime creature hits you.
You block the large slime creature's attack.
You block the slime creature's attack.
The large slime creature hits you but does no damage.
The slime creature hits you! You block the slime creature's attack.
You hit the slime creature.
The slime creature is severely wounded.
You hit the slime creature. You slash the large slime creature!
You slice the slime creature!! You hit the slime creature.
You hit the very large slime creature. You slash the large slime creature!
You slice the slime creature!!
You block the slime creature's attack. x2
You block the large slime creature's attack.
The very large slime creature hits you!!!
* * * LOW HITPOINT WARNING * * *
You block the slime creature's attack. The large slime creature hits you!!
You die...

*.....#,.......,,,,,,**
##....##.......#,,,,**
#................,,,*
*#.......#........,,**
##................,,,*
#...................**
##.................#** **
*#.....JJJ.....#..##,***,
#......J@J..........,,*,,
#......JJJ..........,,,,,
#...........#.......,,,,,
#.................#,,,,,,
#.....##.#..<.^.#.,,<,,,,
##.....##...........,,,,,
*#.....#............,,,,,
*...#...............,,,,,
**,,,#.#............,,,,,


You could see a very large slime creature, 2 large slime creatures and 5 slime
creatures.

Vanquished Creatures
  Rupert (Lair:3)
  4 acid blobs
  3 rockslimes
  An azure jelly (Slime:2)
  A quicksilver ooze (Slime:1)
  A minotaur (Gauntlet)
  4 dire elephants (Lair:6)
  3 great orbs of eyes
  6 boulder beetles
  A fire dragon (D:14)
  8 vault guards (D:14)
  6 hydras
  A catoblepas (Lair:6)
  7 centaur warriors
  A death knight (D:13)
  A tengu warrior (D:13)
  8 two-headed ogres
  A death yak (Lair:6)
  Urug (D:11)
  A skeletal warrior (D:13)
  2 spectral death yaks (Lair:6)
  A spectral anaconda (Lair:6)
  An obsidian statue (Lair:6)
  4 necromancers (Lair:6)
  4 deep elf pyromancers
  5 ugly things
  6 cyclopes
  2 oklob plants (Lair:5)
  2 manticores
  6 shining eyes
  5 black mambas
  A dire elephant zombie (Lair:6)
  8 elephants
  5 torpor snails
  A merfolk siren (Lair:3)
  A gargoyle (D:12)
  An eye of devastation (Slime:2)
  10 cane toads
  A smoke demon (Gauntlet)
  A hellion (Gauntlet)
  A kobold demonologist (D:10)
  Psyche (D:10)
  2 rime drakes (Lair:2)
  A tengu conjurer (D:13)
  An efreet (D:14)
  6 komodo dragons
  A meliai (D:13)
  A queen bee (shapeshifter) (D:13)
  A merfolk (shapeshifter) (D:13)
  2 polar bears (Lair:2)
  A hornet (D:11)
  5 trolls
  82 slime creatures
  7 blink frogs
  2 spectral elephants (Lair:6)
  6 dream sheep (Lair:5)
  A shadow (D:13)
  5 wraiths
  38 yaks
  A vampire (D:13)
  6 basilisks
  6 wyverns
  6 golden eyes
  A steam dragon (D:8)
  19 vampire mosquitoes
  A death yak simulacrum (Lair:6)
  2 spectral cane toads (Lair:6)
  A hell hound (Gauntlet)
  20 water moccasins
  A hornet zombie (D:7)
  A swamp drake (D:12)
  An ice beast (D:7)
  10 orc warriors
  2 sky beasts
  A black bear (Lair:1)
  3 necrophages
  2 tengu (shapeshifter)
  7 ogres
  26 wolves
  12 centaurs
  A phantom (D:5)
  6 gnoll sergeants
  9 kobold brigands
  13 bullfrogs
  A cane toad simulacrum (Lair:6)
  4 scorpions
  A water moccasin skeleton (D:5)
  A wyvern skeleton (D:7)
  3 wights (D:10)
  6 howler monkeys
  6 electric eels
  3 centaur zombies
  4 gnoll shamans
  13 hounds
  2 centaur skeletons (D:6)
  A jelly (D:7)
  13 orc priests
  Crazy Yiuf (D:5)
  4 iguanas
  17 orc wizards
  2 hell rats (Lair:5)
  2 killer bee zombies (D:7)
  21 gnolls
  8 adders
  7 river rats (Lair:5)
  A shadow imp (D:7)
  A white imp (D:7)
  2 ufetubi
  3 worms
  2 dart slugs
  56 orcs
  A bat (D:3)
  5 endoplasms
  3 giant cockroaches
  10 goblins
  8 hobgoblins
  3 jackals (D:5)
  A quokka (D:2)
  5 ball pythons
  3 frilled lizards
  41 kobolds
  11 rats
725 creatures vanquished.

Vanquished Creatures (others)
  An ogre mage (D:13)
  40 fungi
  50 plants
  22 withered plants (Lair:6)
113 creatures vanquished.

Grand Total: 838 creatures vanquished

Notes
Turn   | Place    | Note
-------+----------+-------------------------------------------
     0 | D:1      | Fortus the Formicid Fighter began the quest for the Orb.
     0 | D:1      | Reached XP level 1. HP: 18/18 MP: 1/1
   241 | D:1      | Reached XP level 2. HP: 24/24 MP: 2/2
   923 | D:1      | Reached XP level 3. HP: 29/29 MP: 3/3
  1248 | D:1      | Found a faded altar of an unknown god.
  1320 | D:2      | Found an iron altar of Okawaru.
  1544 | D:2      | Reached XP level 4. HP: 31/35 MP: 4/4
  2592 | D:3      | Reached XP level 5. HP: 38/41 MP: 5/5
  2791 | D:4      | Found a stormy altar of Qazlal.
  2792 | D:4      | Noticed an ogre
  2795 | D:4      | Identified the ring "Xaes" {rF++ Will+ Int+6}
  2801 | D:4      | Noticed an ogre
  2846 | D:3      | Killed an ogre
  2847 | D:3      | Reached skill level 5 in Maces & Flails
  3017 | D:4      | Killed an ogre
  3018 | D:4      | Reached XP level 6. HP: 47/47 MP: 6/6
  3746 | D:4      | Reached XP level 7. HP: 37/52 MP: 7/7
  4019 | D:5      | Entered Level 5 of the Dungeon
  4436 | D:5      | Noticed a water moccasin
  4445 | D:5      | Killed a water moccasin
  4446 | D:5      | Reached XP level 8. HP: 46/61 MP: 8/8
  4708 | D:5      | HP: 3/61 [vampire mosquito (3)]
  4715 | D:5      | Reached skill level 5 in Fighting
  4715 | D:5      | Reached skill level 5 in Armour
  4972 | D:5      | Found a staircase to the Ecumenical Temple.
  4977 | Temple   | Entered the Ecumenical Temple
  5411 | Temple   | Became a worshipper of the Shining One
  5784 | D:5      | Reached XP level 9. HP: 60/68 MP: 9/9
  6185 | D:5      | Found a runed translucent door.
  6186 | D:5      | Noticed Crazy Yiuf
  6243 | D:5      | Killed Crazy Yiuf
  7020 | D:6      | Gained mutation: Your spells are a little easier to cast,
                  | but a little less powerful. [potion of mutation]
  7020 | D:6      | Gained mutation: You are robust. (+10% HP) [potion of
                  | mutation]
  7020 | D:6      | Gained mutation: You are covered in fur. (AC +1) [potion of
                  | mutation]
  7073 | D:6      | Found Ieusiyvo's Incredible Inventory.
  7131 | D:6      | Reached skill level 10 in Maces & Flails
  7590 | D:6      | Reached * piety under the Shining One
  8202 | D:6      | Noticed a cyclops
  8217 | D:6      | Killed a cyclops
  8218 | D:6      | Reached XP level 10. HP: 41/81 MP: 10/10
  9732 | D:7      | Reached ** piety under the Shining One
  9815 | D:7      | Noticed a manticore
  9833 | D:7      | HP: 4/83 [manticore (13)]
  9834 | D:7      | Killed a manticore
  9843 | D:7      | Reached skill level 5 in Shields
 10264 | D:7      | Reached XP level 11. HP: 51/89 MP: 6/11
 10725 | D:7      | Found Worch's Antique Armour Shoppe.
 10728 | D:7      | Bought a pitted chain mail for 237 gold pieces
 10728 | D:7      | Identified the +0 chain mail of the Teacher {+Blink rF+ rC-
                  | rCorr} (You bought it in a shop on level 7 of the Dungeon)
 11291 | D:8      | Noticed a two-headed ogre
 11301 | D:8      | Killed a two-headed ogre
 11380 | D:8      | Noticed a two-headed ogre
 11389 | D:8      | Killed a two-headed ogre
 12393 | D:9      | Noticed a two-headed ogre
 12412 | D:9      | Killed a two-headed ogre
 12730 | D:9      | Reached *** piety under the Shining One
 13795 | D:10     | Entered Level 10 of the Dungeon
 14038 | D:10     | Noticed a soul eater
 14062 | D:10     | Reached XP level 12. HP: 95/96 MP: 12/12
 14114 | D:10     | Noticed Psyche
 14123 | D:10     | Killed Psyche
 14124 | D:10     | Reached skill level 1 in Invocations
 14232 | D:10     | Noticed a two-headed ogre
 14238 | D:10     | Noticed a two-headed ogre
 14245 | D:10     | Killed a two-headed ogre
 14263 | D:10     | Killed a two-headed ogre
 14536 | D:10     | Noticed a two-headed ogre
 14555 | D:10     | Killed a two-headed ogre
 15265 | D:10     | Found a staircase to the Lair.
 15592 | Lair:1   | Entered Level 1 of the Lair of Beasts
 15636 | Lair:1   | Reached skill level 10 in Armour
 15636 | Lair:1   | Reached skill level 5 in Invocations
 15661 | Lair:1   | Found a snail-covered altar of Cheibriados.
 16596 | Lair:1   | Identified the +3 leather armour "Aneik Wue" {*Slow +Inv
                  | Int+8 Dex-2}
 17631 | Lair:2   | Reached XP level 13. HP: 102/111 MP: 13/17
 17890 | Lair:2   | Reached skill level 10 in Fighting
 18018 | Lair:2   | Found a staircase to the Snake Pit.
 18500 | Snake:1  | Entered Level 1 of the Snake Pit
 18950 | Lair:3   | Reached skill level 1 in Evocations
 19346 | Lair:3   | Noticed Rupert
 19376 | Lair:3   | Killed Rupert
 19740 | Lair:3   | Reached skill level 1 in Axes
 19950 | Lair:3   | Reached skill level 2 in Axes
 19980 | Lair:3   | Found a staircase to the Shoals.
 20438 | Lair:4   | Reached skill level 3 in Axes
 20565 | Lair:4   | Identified a scroll of acquirement
 20565 | Lair:4   | Acquired the +10 tower shield of Ignorance {rN+ Int-4}
 20565 | Lair:4   | Found the +10 tower shield of Ignorance {rN+ Int-4}
 20834 | Lair:4   | Noticed an eight-headed hydra
 20955 | Lair:4   | Killed an eight-headed hydra
 21740 | Lair:4   | Reached skill level 4 in Axes
 21747 | Lair:4   | Reached skill level 10 in Shields
 22654 | Lair:5   | Found a staircase to the Slime Pits.
 22946 | Lair:5   | Reached skill level 5 in Axes
 23022 | Lair:5   | Reached XP level 14. HP: 81/124 MP: 11/18
 23580 | Lair:5   | Reached skill level 6 in Axes
 23882 | Lair:6   | Entered Level 6 of the Lair of Beasts
 23907 | Lair:6   | Found a gate leading to a gauntlet.
 23935 | Gauntlet | Entered a Gauntlet
 23935 | Gauntlet | Found a transporter.
 23938 | Gauntlet | Found a transporter.
 23957 | Gauntlet | Found a transporter.
 23957 | Gauntlet | Found a transporter.
 23967 | Gauntlet | Found a transporter.
 23988 | Gauntlet | Found a transporter.
 23991 | Gauntlet | Found a transporter.
 23995 | Gauntlet | Found a transporter.
 23997 | Gauntlet | Found a runed translucent door.
 24022 | Gauntlet | Found a transporter.
 24039 | Gauntlet | Found a transporter.
 24043 | Gauntlet | Found a transporter.
 24051 | Gauntlet | Found a transporter.
 24551 | Gauntlet | Identified the amulet of Spontaneous Combustion {RegenMP
                  | Int+5}
 24584 | Gauntlet | Noticed a minotaur
 24607 | Gauntlet | Killed a minotaur
 25110 | Lair:6   | Reached skill level 7 in Axes
 25388 | Lair:6   | Identified the amulet of Aximu {rC+ Will++ Regen+}
 25445 | Lair:6   | Noticed a dire elephant
 25458 | Lair:6   | Killed a dire elephant
 25524 | Lair:6   | Noticed a dire elephant
 25524 | Lair:6   | Noticed a dire elephant
 25606 | Lair:6   | Noticed a dire elephant
 25620 | Lair:6   | Killed a dire elephant
 26033 | Lair:6   | Reached skill level 8 in Axes
 26142 | Lair:6   | Reached skill level 15 in Shields
 26182 | Lair:6   | Killed a dire elephant
 26183 | Lair:6   | Reached XP level 15. HP: 97/129 MP: 19/19
 26187 | Lair:6   | HP: 6/129 [dire elephant (5)]
 26528 | Slime:1  | Entered Level 1 of the Pits of Slime
 26753 | Slime:1  | Reached skill level 9 in Axes
 26753 | Slime:1  | Noticed an acid blob
 26753 | Slime:1  | Noticed a rockslime
 27197 | D:11     | Reached skill level 10 in Axes
 27325 | D:11     | Found Tiaz Ida's General Store.
 27329 | D:11     | Found Gotetumo's Specific Store.
 27470 | D:11     | Noticed Urug
 27480 | D:11     | Killed Urug
 27638 | D:12     | Found Hucis's Jewellery Boutique.
 27650 | D:12     | Found Uweikkenk's Jewellery Boutique.
 27676 | D:12     | Found Bebum's Jewellery Emporium.
 27688 | D:12     | Reached **** piety under the Shining One
 27743 | D:12     | Found a staircase to the Orcish Mines.
 27940 | D:12     | Bought the ring "Hajaf" {rElec rF+ Str+4} for 616 gold
                  | pieces
 28070 | D:13     | Reached skill level 11 in Axes
 28303 | D:13     | Reached skill level 12 in Axes
 28507 | D:13     | Reached skill level 13 in Axes
 28678 | D:13     | Reached XP level 16. HP: 107/137 MP: 20/20
 29315 | D:14     | Reached skill level 14 in Axes
 29463 | D:14     | Found Lougifud's Assorted Antiques.
 29697 | D:14     | Reached ***** piety under the Shining One
 29957 | D:14     | Found a gate to the Vaults.
 30428 | D:15     | Entered Level 15 of the Dungeon
 30428 | D:15     | Found Zypnonuj's Jewellery Shop.
 30431 | D:15     | Bought the ring of Kulanad {rN++ rCorr} for 562 gold pieces
 30449 | D:15     | Reached skill level 15 in Axes
 30635 | Lair:5   | Gained mutation: Your body sometimes deteriorates upon
                  | taking damage. [a shining eye]
 30637 | Lair:5   | Gained mutation: You have hidden genetic defects. [a
                  | shining eye]
 30640 | Lair:5   | Killed a rockslime
 30730 | Lair:5   | Killed an acid blob
 30879 | Slime:1  | Noticed a rockslime
 30907 | Slime:1  | Killed a rockslime
 30994 | Slime:1  | Lost mutation: You are robust. (+10% HP) [hidden defects]
 31295 | Slime:2  | Noticed a rockslime
 31295 | Slime:2  | Noticed an acid blob
 31295 | Slime:2  | Noticed an acid blob
 31309 | Slime:2  | Gained mutation: You sometimes lose the ability to read
                  | scrolls when taking damage. [a shining eye]
 31310 | Slime:2  | Gained mutation: You have terrible hidden genetic defects.
                  | [a shining eye]
 31312 | Slime:2  | Gained mutation: You expend magic power (3 MP) to
                  | strengthen your wands. [a shining eye]
 31316 | Slime:2  | Reached skill level 16 in Axes
 31318 | Slime:2  | Noticed an acid blob
 31415 | Slime:1  | Killed a rockslime
 31486 | Slime:1  | Killed an acid blob
 31528 | Slime:2  | Killed an acid blob
 31541 | Slime:2  | Gained mutation: You do not regenerate when monsters are
                  | visible. [a shining eye]
 31557 | Slime:2  | Gained mutation: You are frail. (-10% HP) [hidden defects]
 31557 | Slime:2  | Lost mutation: You have terrible hidden genetic defects.
                  | [hidden defects expressed]
 31560 | Slime:2  | Gained mutation: Your spells are easier to cast, but less
                  | powerful. [a shining eye]
 31894 | Slime:2  | HP: 1/112 [acid blob/splash of acid (13)]
 32116 | Slime:2  | Reached skill level 17 in Axes
 32135 | Slime:2  | The Shining One protects you from harm!
 32136 | Slime:2  | Killed an acid blob
 32137 | Slime:2  | Reached XP level 17. HP: 7/117 MP: 18/21
 32775 | Slime:3  | Gained mutation: Potions are less effective at restoring
                  | your health. [a shining eye]
 32781 | Slime:3  | Gained mutation: Potions cannot restore your health.
                  | [hidden defects]
 32797 | Slime:4  | Noticed an acid blob
 33089 | Slime:3  | Mangled by a large slime creature

Illustrated notes

Levels and vault maps discovered:
D:1:      heliophobic_arrival_ceremonial_halls, layout_basic,
          shapermc_ecumenical_altar_flowoftime, hangedman_decor_growths,
          nicolae_wormholes
D:2:      layout_basic, basic_altar, minivault_11, kennysheep_generic_room_9
D:3:      layout_rooms
D:4:      layout_basic, nicolae_qazlal_general_emergency,
          wad_floor_pattern_untrapped
D:5:      layout_loops_ring, minmay_temple_entry_nine_rooms,
          uniq_crazy_yiuf_cottage
D:6:      lemuel_castle_with_subvaults [lemuel_castle_interior_carwin_3],
          layout_loops_ring, nicolae_alphabet_shops, minivault_5
D:7:      cheibrodos_fzero, layout_loops_ring, serial_shops,
          nicolae_shop_behind_doors, chequers_serial_rivers_large_b,
          serial_bayou_pond_e
D:8:      layout_basic, minivault_1
D:9:      layout_small_grid, serial_glass, glass_columns_a, glass_columns_b,
          glass_columns_a, glass_columns_c, glass_columns_b, glass_columns_b,
          glass_columns_a, glass_columns_b, glass_columns_b, glass_columns_a,
          glass_columns_c, glass_columns_a, glass_columns_c, glass_columns_b
D:10:     layout_gridville, lair_entry_dummy, uniq_psyche
D:11:     layout_roguey, nicolae_specific_store, hangedman_decor_lopped,
          uniq_urug
D:12:     layout_big_octagon, erik_orc_1, serial_shops, shop,
          nicolae_shop_trees, nicolae_shop_stone
D:13:     minmay_the_grid_octo_tiled_squarecenter_mashed
          [minmay_the_grid_octo_horde, minmay_the_grid_octo_checkerflower,
          minmay_the_grid_octo_focus, minmay_the_grid_octo_checkered,
          minmay_the_grid_square_5x5_megaprize_crossed,
          minmay_the_grid_square_5x5_checkered_statues,
          minmay_the_grid_square_5x5_bite, minmay_the_grid_square_5x5_shuriken,
          minmay_the_grid_square_5x5_intrusive_squares], layout_irregular_city
D:14:     layout_irregular_city, erik_vaults_2, serial_shops, shop,
          serial_co_window_serial, co_window_paths_a,
          co_window_of_opportunity_a, co_window_paths_a,
          co_window_of_opportunity_a, co_window_corner_a, co_window_corner_a,
          co_window_corner_a, co_window_cross_4, co_window_2corner,
          co_window_broadway_c, glass_columns_c, glass_columns_c,
          glass_columns_b
D:15:     hangedman_depths_entry_civil_slaughter, layout_irregular_city,
          serial_shops, nicolae_shop_crystal, shop, shop, shop,
          hangedman_decor_opposing
Temple:   mainiacjoe_temple_trianglar_array
Lair:1:   layout_cave_shapes, kennysheep_snail_temple, serial_bayou_shore_b
Lair:2:   layout_regular_city, minmay_snake_entry_six_corridors,
          cheibrodos_lair_caveside_slide, minmay_holes, lemuel_fruit_fields
Lair:3:   layout_gridlike, minmay_shoals_entry_lonely_mermaid, uniq_rupert
Lair:4:   layout_regular_city, nicolae_quartered_pool_super
Lair:5:   layout_concentric_octagons, minmay_slime_entry_oklob_open,
          kennysheep_rathole
Lair:6:   due_jungle_book, layout_misc_corridors, gauntlet_entry_generic,
          serial_bayou_shore_a
Snake:1:  layout_onion
Slime:1:  layout_caves
Slime:2:  layout_caves
Slime:3:  layout_caves
Slime:4:  layout_caves

Skill      XL: |  1  2  3  4  5  6  7  8  9 10 11 12 13 14 15 16 |
---------------+-------------------------------------------------+-----
Maces & Flails | 3 4 6 7 9 12 13 14 | 14.2
Fighting       | 4 5 6 9 11 | 11.0
Armour         | 4 5 6 9 10 11 | 11.6
Shields        | 6 9 11 15 | 15.0
Invocations    | 5 |  5.9
Evocations     | 2 |  2.3
Axes           | 5 8 13 17 | 17.6

Action                   |  1- 3 |  4- 6 |  7- 9 | 10-12 | 13-15 | 16-18 || total
-------------------------+-------+-------+-------+-------+-------+-------++-------
Melee: Flail             |   117 |   145 |   372 |    88 |       |       ||   722
       Morningstar       |       |       |       |   242 |       |       ||   242
       Dire flail        |       |       |       |   429 |   616 |       ||  1045
       Executioner's axe |       |       |       |       |   489 |   309 ||   798
Invok: Divine Shield     |       |       |       |    16 |    29 |    15 ||    60
 Abil: Dig               |     2 |     4 |     2 |    11 |    21 |     2 ||    42
  Use: Scroll            |       |       |    15 |     9 |     7 |     4 ||    35
       Potion            |       |       |     3 |     3 |     4 |     2 ||    12
 Stab: Invisible         |       |       |     1 |       |       |       ||     1
Armor: Scale mail        |    52 |    23 |       |       |       |       ||    75
       Chain mail        |       |    20 |   114 |    58 |       |       ||   192
       Plate armour      |       |       |       |   104 |   223 |    53 ||   380
Dodge: Dodged            |    31 |    83 |   218 |   194 |   160 |    29 ||   715
Block: Buckler           |    16 |    23 |    56 |    40 |       |       ||   135
       Kite shield       |       |       |       |   265 |    67 |       ||   332
       Tower shield      |       |       |       |       |  1094 |   366 ||  1460

Table legend: (Time is in decaauts)
 A = Elapsed time spent in this place.
 B = Non-inter-level travel time spent in this place.
 C = Inter-level travel time spent in this place.
 D = Time resting spent in this place.
 E = Time spent auto-exploring this place.
 F = Levels seen in this place.
 G = Mean time per level.
                   A        B        C        D        E       F      G
               +--------+--------+--------+--------+--------+-----+--------+
         Total |  32972 |  30943 |   2029 |   9385 |  14559 |  28 | 1177.6 |
       Dungeon |  18859 |  17615 |   1244 |   4230 |   9332 |  15 | 1257.3 |
        Temple |    447 |    377 |     70 |      0 |    371 |   1 |  447.0 |
          Lair |  10379 |   9830 |    549 |   3593 |   3959 |   6 | 1729.8 |
     Snake Pit |      1 |      1 |      0 |      0 |      0 |   1 |    1.0 |
    Slime Pits |   2338 |   2172 |    166 |   1221 |    526 |   4 |  584.5 |
      Gauntlet |    946 |    946 |      0 |    341 |    371 |   1 |  946.0 |
               +--------+--------+--------+--------+--------+-----+--------+

Top non-repeatable levels by time:
     D:5: 2722 daAuts
  Lair:4: 2284 daAuts
     D:6: 2272 daAuts
  Lair:3: 1916 daAuts
     D:7: 1661 daAuts
    D:10: 1658 daAuts
  Lair:6: 1643 daAuts
  Lair:5: 1601 daAuts
  Lair:2: 1534 daAuts
     D:8: 1486 daAuts
  Lair:1: 1400 daAuts
     D:1: 1336 daAuts
    D:14: 1206 daAuts
     D:9: 1197 daAuts
    D:13: 1147 daAuts
